Cogmind - Beta 10.2 @@@ ROGUE MODE // 2020.11.03 @ 17:24:03 // Halloween2020/ForbiddenLore Player: CrossedViper Result: Destroyed by EX-DEC with AWS/EX-DEC Performance ------------- Evolutions (1) 500 Regions Visited (4) 800 Robots Destroyed (25) 125 Value Destroyed (328) 328 Prototype IDs (24) 480 Alien Tech Used (0) 0 Bonus (-231) -231 TOTAL SCORE: 2002 Bonus ------- Follower Combat Kills 21 Aligned with FarCom 300 Friendly Fire -552 Cogmind --------- Core Integrity 0/400 Matter 295/300 Energy 100/100 System Corruption 5% Temperature Cool (0) Movement Rolling (90) Location -9/Exiles Parts ------- > --- POWER (1) -------- (None) > --- PROPULSION (2) --- Armored Wheel Armored Wheel > --- UTILITY (3) ------ Large Storage Unit Improved Targeting Computer Target Analyzer > --- WEAPON (3) ------- Light Assault Rifle Longsword +1 Makeshift Spear > --- INVENTORY (10) --- Carbon-fiber Leg Gravity Neutralizing Apparatus Experimental Sensor Array Advanced Weapon Cycler Advanced Transmission Jammer EX Chip 1 AWS/Thermal Rocket Launcher Peak State ------------ > --- POWER ------------ Ion Engine > --- PROPULSION ------- Armored Wheel Armored Wheel > --- UTILITY ---------- Large Storage Unit Improved Targeting Computer Target Analyzer > --- WEAPON ----------- AWS/Thermal Longsword +1 > --- INVENTORY -------- Armored Wheel Gravity Neutralizing Apparatus Experimental Sensor Array Advanced Weapon Cycler Advanced Transmission Jammer EX Chip 1 Rocket Launcher Makeshift Spear [Rating: 38] Favorites ----------- Power Ion Engine Engine Ion Engine Propulsion Armored Wheel Leg Aluminum Leg Wheel Armored Wheel Utility Improved Targeting Computer Device Gravity Neutralizing Apparatus Storage Large Storage Unit Processor Improved Targeting Computer Weapon Light Assault Rifle Energy Gun Spread Laser Ballistic Gun Light Assault Rifle Launcher Rocket Launcher Slashing Weapon Longsword +1 Piercing Weapon Makeshift Spear Build | -11 -10 -9 -9 -9 ------- Run | Scr Mat Mat Min Exi Slots Evolved 2 | . . 2 . . Power . | . . . . . Propulsion . | . . . . . Utility 1 | . . 1 . . Weapon 1 | . . 1 . . Parts Attached 30 | . 8 2 . 20 Power 4 | . 1 . . 3 Engine 4 | . 1 . . 3 Core . | . . . . . Reactor . | . . . . . Propulsion 5 | . 3 . . 2 Treads . | . . . . . Leg . | . . . . . Wheel 5 | . 3 . . 2 Hover . | . . . . . Flight . | . . . . . Utility 5 | . 2 1 . 2 Device 1 | . . . . 1 Storage 2 | . 1 . . 1 Processor 2 | . 1 1 . . Hackware . | . . . . . Protection . | . . . . . Artifact . | . . . . . Weapon 16 | . 2 1 . 13 Energy Gun 5 | . 1 . . 4 Energy Cannon . | . . . . . Ballistic Gun 5 | . 1 1 . 3 Ballistic Cannon . | . . . . . Launcher 1 | . . . . 1 Special Weapon . | . . . . . Impact Weapon . | . . . . . Slashing Weapon 3 | . . . . 3 Piercing Weapon 2 | . . . . 2 Special Melee Weapon . | . . . . . Unidentified Prototypes 1 | . . . . 1 Parts Lost 8 | . . . . 8 Power 3 | . . . . 3 Propulsion 1 | . . . . 1 Utility . | . . . . . Weapon 4 | . . . . 4 Highest Loss Streak 2 | . . . . 2 Average Slot Usage (%) 94 | . 91 95 100 91 Engine 10 | . 14 11 11 7 Leg 3 | . 17 . . . Wheel 19 | . 10 22 22 21 Storage 11 | . 14 11 11 11 Processor 18 | . 5 19 22 22 Energy Gun 9 | . 5 11 11 9 Ballistic Gun 18 | . 22 21 22 12 Slashing Weapon 1 | . . . . 4 Naked Turns . | . . . . . Heaviest Build 29 | 12 26 27 27 29 Greatest Support 24 | 20 24 24 24 24 Greatest Overweight (x) 2 | . 1 1 1 2 Average Overweight (x) . | . . 1 1 . Largest Inventory Capacity 10 | . 10 10 10 10 Average Capacity 9 | . 6 10 10 9 Most Carried 10 | . 6 6 9 10 Average Carried 7 | . 5 5 6 9 Final Capacity 10 | 6 10 10 10 10 Final Carried 9 | 6 6 5 9 9 Class Distribution -------------------- 53% | Mutant 46% | Gunner Dominant Class ---------------- Mutant | -10/Materials Gunner | -9/Materials Gunner | -9/Mines Mutant | -9/Exiles Resources | -11 -10 -9 -9 -9 ----------- Run | Scr Mat Mat Min Exi Matter Collected 682 | 200 166 63 46 207 Remotely . | . . . . . Salvage Created 701 | . 278 63 62 298 Parts 41 | . 14 3 2 22 Haulers Intercepted 1 | . 1 . . . Recyclers Shooed 3 | . 2 . 1 . Parts Field Recycled . | . . . . . Retrieved Matter . | . . . . . Parts Self-Destructed . | . . . . . Prevented . | . . . . . Kills | -11 -10 -9 -9 -9 ------- Run | Scr Mat Mat Min Exi Combat Hostiles Destroyed 13 | . 7 2 1 3 Melee 1 | . . . . 1 Guns 10 | . 7 2 1 . AOE 2 | . . . . 2 Classes Destroyed 8 | . 3 1 1 3 Hauler 1 | . 1 . . . Recycler 1 | . . . 1 . Turret 1 | . . . . 1 Swarmer 4 | . 3 . 1 . Grunt 5 | . 4 1 . . Sentry 1 | . . 1 . . Zionite 5 | . . . . 5 Assembled 5 | . . . . 5 Best Kill Streak 5 | . 5 1 1 3 Combat Bots Only 5 | . 5 1 1 2 Max Kills in Single Turn 3 | . 1 1 1 3 Gunslinging . | . . . . . Exploded 1 | . . . . 1 Melee 1 | . . . . 1 Uniques/NPCs Destroyed 3 | . . . . 3 EX-HEX (-9/Exiles) 8R-AWN (-9/Exiles) EX-BIN (-9/Exiles) Combat | -11 -10 -9 -9 -9 -------- Run | Scr Mat Mat Min Exi Damage Taken 1718 | . 244 111 22 1341 Core 441 | . 33 56 7 345 Absorbed by Shields . | . . . . . Core Remaining (%) 93 | 100 86 . . . Volleys Fired 50 | . 31 7 9 3 Largest 3 | . 2 3 3 1 Hottest 105 | . 85 105 105 33 Shots Fired 122 | . 62 21 27 12 Gun 119 | . 62 21 27 9 Cannon . | . . . . . Launcher 3 | . . . . 3 Special . | . . . . . Kinetic 89 | . 57 14 18 . Thermal 30 | . 5 7 9 9 Explosive 3 | . . . . 3 Electromagnetic . | . . . . . Robot Hit Streak 14 | . 4 14 6 5 Robot Miss Streak 4 | . 4 2 4 1 Penetration Max . | . . . . . Secondary Targets 3 | . 2 . 1 . Max Gunslinging Chain 1 | . 1 . 1 . Autonomous 9 | . . . . 9 Shots Hit Robots 124 | . 35 15 21 53 Core Hits 61 | . 16 10 8 27 Critical Hits 3 | . . . . 3 Critical Kills 1 | . . . . 1 Critical Parts Destroyed 2 | . . . . 2 Melee Attacks 53 | . . . . 53 Impact . | . . . . . Slashing 34 | . . . . 34 Piercing 19 | . . . . 19 Sneak Attacks 3 | . . . . 3 Combat Hostiles . | . . . . . Follow-up Attacks . | . . . . . Damage Inflicted 3322 | . 345 162 141 2674 Guns 884 | . 344 162 138 240 Cannons . | . . . . . Explosions 461 | . . . . 461 Melee 1973 | . . . . 1973 Ramming 4 | . 1 . 3 . Kinetic 389 | . 306 46 37 . Thermal 495 | . 38 116 101 240 Explosive 461 | . . . . 461 Electromagnetic . | . . . . . Impact . | . . . . . Slashing 1581 | . . . . 1581 Piercing 392 | . . . . 392 Highest Corruption 4 | . . . . 4 Average Corruption 2 | . . . . 2 Corruption Purged . | . . . . . Overload Shots . | . . . . . Overflow Damage 18 | . . . . 18 Projectiles . | . . . . . Explosions 8 | . . . . 8 Melee 10 | . . . . 10 Knockbacks . | . . . . . Impact . | . . . . . Kinetic . | . . . . . Secondary . | . . . . . Self-Inflicted Damage 1 | . . . 1 . Shots . | . . . . . Rammed 2 | . 1 . 1 . Targets Rammed 2 | . 1 . 1 . Kicked . | . . . . . Crushed . | . . . . . Highest Temperature 184 | . 72 184 144 2 Average Temperature 46 | . 19 77 46 2 Received Heat Transfer 144 | . 96 39 . 9 Siege Activations . | . . . . . Robots Corrupted . | . . . . . Combat Hostiles . | . . . . . Parts Fried . | . . . . . Impact Corruptions . | . . . . . Robots Melted . | . . . . . Combat Hostiles . | . . . . . Parts Melted . | . . . . . Heat Transferred 611 | . 45 150 120 296 Parts Sabotaged . | . . . . . Parts Stolen . | . . . . . Parts Stripped . | . . . . . Power Chain Reactions . | . . . . . Missiles Intercepted . | . . . . . Alert | -11 -10 -9 -9 -9 ------- Run | Scr Mat Mat Min Exi Peak Influence 237 | . 237 160 162 . Initial 100 | . . 100 62 . Average 113 | . 134 124 97 . Maximum Alert Level 1 | . 1 . . . Low Security (%) 82 | . 50 100 100 . Level 1 17 | . 49 . . . Level 2 . | . . . . . Level 3 . | . . . . . Level 4 . | . . . . . Level 5 . | . . . . . High Security . | . . . . . Max Security . | . . . . . Squads Dispatched 5 | . 2 3 . . Investigation 3 | . 1 2 . . Extermination . | . . . . . Reinforcement 2 | . 1 1 . . Assault . | . . . . . Garrison . | . . . . . Intercept . | . . . . . Construction Impeded . | . . . . . Haulers Reinforced . | . . . . . Stealth | -11 -10 -9 -9 -9 --------- Run | Scr Mat Mat Min Exi Distress Signals . | . . . . . Communications Jammed . | . . . . . Distress Signals . | . . . . . Times Spotted 38 | . 11 4 4 19 Peak Tracking Total 6 | . 4 5 4 6 Tactical Retreats 5 | . 2 . . 3 Traps | -11 -10 -9 -9 -9 ------- Run | Scr Mat Mat Min Exi Traps Triggered 4 | . 2 2 . . Indirectly . | . . . . . Trap Hack Attempts . | . . . . . Triggered . | . . . . . Disarmed . | . . . . . Reprogrammed . | . . . . . Reused . | . . . . . Traps Extracted . | . . . . . Installed . | . . . . . Triggered . | . . . . . Machines | -11 -10 -9 -9 -9 ---------- Run | Scr Mat Mat Min Exi Machines Disabled 5 | . . . . 5 Max in Single Turn 2 | . . . . 2 Machines Sabotaged . | . . . . . Garrisons Compromised . | . . . . . Overloaded Fab Kills . | . . . . . Fab Network Shutdowns . | . . . . . Hacking | -11 -10 -9 -9 -9 --------- Run | Scr Mat Mat Min Exi Machines Accessed 2 | . 1 . . 1 Terminals 1 | . 1 . . . Fabricators . | . . . . . Repair Stations . | . . . . . Recycling Units . | . . . . . Scanalyzers . | . . . . . Garrison Access . | . . . . . Total Hacks 2 | . 1 . . 1 Successful 1 | . . . . 1 Failed 1 | . 1 . . . Catastrophic . | . . . . . Database Lockouts . | . . . . . Manual 2 | . 1 . . 1 Terminals 1 | . 1 . . . Fabricators . | . . . . . Repair Stations . | . . . . . Recycling Units . | . . . . . Scanalyzers . | . . . . . Garrison Access . | . . . . . Terminal Hacks 1 | . . . . 1 EX-Prototype ID Bank 1 | . . . . 1 Fabricator Hacks . | . . . . . Repair Station Hacks . | . . . . . Recycling Unit Hacks . | . . . . . Scanalyzer . | . . . . . Garrison Access Hacks . | . . . . . Unauthorized Hacks . | . . . . . Terminals . | . . . . . Fabricators . | . . . . . Repair Stations . | . . . . . Recycling Units . | . . . . . Scanalyzers . | . . . . . Garrison Access . | . . . . . Data Cores Recovered . | . . . . . Used . | . . . . . Hacking Detections 1 | . 1 . . . Full Trace Events . | . . . . . Feedback Events . | . . . . . Feedback Blocked . | . . . . . Robot Schematics Acquired . | . . . . . Robots Built . | . . . . . Matter . | . . . . . Time . | . . . . . Total Robot Build Rating . | . . . . . Part Schematics Acquired . | . . . . . Parts Built . | . . . . . Matter . | . . . . . Time . | . . . . . Total Part Build Rating . | . . . . . Parts Repaired . | . . . . . Time . | . . . . . Parts Recycled . | . . . . . Recycled Matter . | . . . . . Retrieved Matter . | . . . . . Retrieved Components . | . . . . . Parts Scanalyzed . | . . . . . Part Schematics Acquired . | . . . . . Parts Damaged . | . . . . . Bothacking | -11 -10 -9 -9 -9 ------------ Run | Scr Mat Mat Min Exi Used RIF Installer . | . . . . . Robots Hacked . | . . . . . Non-combat . | . . . . . Combat . | . . . . . Robot Hacks Applied . | . . . . . Relay Couplers Released . | . . . . . Robots Rewired . | . . . . . Allies Hacked . | . . . . . Hacks Repelled . | . . . . . Allies | -11 -10 -9 -9 -9 -------- Run | Scr Mat Mat Min Exi Total Allies 5 | . . . 5 . Largest Group 5 | . . . 5 4 Highest-Rated Group 87 | . . . 87 71 Highest-Rated Ally 31 | . . . 31 31 Total Orders . | . . . . . Ally Attacks 24 | . . . 13 11 Total Damage 254 | . . . 138 116 Kills 4 | . . . 3 1 Allies Corrupted . | . . . . . Allies Melted . | . . . . . Intel | -11 -10 -9 -9 -9 ------- Run | Scr Mat Mat Min Exi Robot Analysis Total . | . . . . . Derelict Logs Recovered 1 | . . . 1 . Drone Launches . | . . . . . Drone Recoveries . | . . . . . Exploration | -11 -10 -9 -9 -9 ------------- Run | Scr Mat Mat Min Exi Turns Passed 1457 | . 306 112 461 578 Spaces Moved 1115 | 1 182 84 411 437 Core . | . . . . . Treads . | . . . . . Legs 87 | 1 86 . . . Wheels 1028 | . 96 84 411 437 Hover . | . . . . . Flight . | . . . . . Fastest Speed 90 | 120 90 100 100 90 Average Speed 99 | 120 105 100 100 96 Slowest Speed 120 | 120 120 100 100 110 Overloaded Moves . | . . . . . Propulsion Burnouts . | . . . . . Robots Hopped . | . . . . . Cave-ins Triggered . | . . . . . Exploration Rate (%) 40 | 3 25 14 82 76 Regions Visited 4 Branch Regions 2 Pre-discovered Areas 1 | . . . 1 . Known Exits Taken . | . . . . . Unknown Exits Taken 4 | 1 1 1 1 . Scrap Searched 2 | . . . 2 . Spaces Dug . | . . . . . Terrain Destroyed 19 | . . . . 19 Melee . | . . . . . Projectile . | . . . . . AOE 19 | . . . . 19 Terrain Rammed . | . . . . . Walls Destroyed . | . . . . . Machines Disabled . | . . . . . Actions | -11 -10 -9 -9 -9 --------- Run | Scr Mat Mat Min Exi Total 1317 | . 241 97 442 537 Wait 28 | . 6 4 18 . Move 1111 | . 181 83 410 437 Hop . | . . . . . Pick Up 26 | . 5 1 4 16 Fast Attach 7 | . 5 . . 2 Attach 14 | . 1 2 . 11 Detach 2 | . . . . 2 Swap 9 | . 2 . . 7 Drop 15 | . 9 . . 6 Fire 50 | . 31 7 9 3 Melee 53 | . . . . 53 Ram 2 | . 1 . 1 . Kick . | . . . . . Crush . | . . . . . Escape Stasis . | . . . . . Rewire . | . . . . . Trap . | . . . . . Miscellaneous . | . . . . . Route ------- -11/Scrapyard -10/Materials -9/Materials -9/Mines (discovered 3 exits: [*Mat x2] / *Exi) -9/Exiles History --------- Turn | Location | Event 1 | -11/Scrapyard | Discovered new exit (range 0) 1 | -11/Scrapyard | Entered Materials 282 | -10/Materials | Discovered new exit (range 8) 307 | -10/Materials | Entered another Materials area 307 | -9/Materials | Evolved 2 slots: Utility x1, Weapon x1 313 | -9/Materials | Build established: Mutant 397 | -9/Materials | Discovered new exit (range 7) 419 | -9/Materials | Entered Mines 421 | -9/Mines | Assisted by bots powering up and referring to "LRC-V3" 434 | -9/Mines | Learned Materials machine intel 477 | -9/Mines | Discovered new exit (range 5) 485 | -9/Mines | Learned location of Storage (-8) 507 | -9/Mines | Discovered new exit (range 10) 580 | -9/Mines | Received a Rocket Launcher from a helpful Derelict 625 | -9/Mines | Build established: Gunner 720 | -9/Mines | Found a damaged Exp. Sensor Array with a note attached 722 | -9/Mines | Found Prototype Device 865 | -9/Mines | Deemed a non-threat by the Exiles lab entrance 865 | -9/Mines | Discovered new exit (range 5) 880 | -9/Mines | Entered Exiles 880 | -9/Exiles | Accompanied by 4 allies 904 | -9/Exiles | Met 8R-AWN 910 | -9/Exiles | Led the pair of lost Derelicts to a safe place 922 | -9/Exiles | Met EX-HEX 951 | -9/Exiles | Met EX-BIN 965 | -9/Exiles | Aligned with FarCom system 966 | -9/Exiles | Given EX-Vault access code 989 | -9/Exiles | Opened EX-Vault 999 | -9/Exiles | Found AWS/Thermal 1004 | -9/Exiles | Found Longsword +1 1026 | -9/Exiles | Warned to stay clear of 0b10 Research branches 1065 | -9/Exiles | Attacked by the Exiles 1072 | -9/Exiles | Allies destroyed EX-HEX 1148 | -9/Exiles | Core integrity fell below 50% 1149 | -9/Exiles | Destroyed 8R-AWN 1299 | -9/Exiles | Build established: Mutant 1442 | -9/Exiles | Destroyed EX-BIN 1452 | -9/Exiles | Core integrity fell below 20% 1458 | -9/Exiles | Destroyed by EX-DEC with AWS/EX-DEC Last Messages --------------- 01317_ Acquired Carbon-fiber Leg. 01325_ Acquired 40 matter. 01372_ W1-DM0 suffers critical hit. 01372_ W1-DM0 destroyed. 01380_ AM-PHS destroyed. 01382_ ZX-C33 destroyed. 01393_ EX-BIN: "I just want to science!" 01404_ Destroyed Mak. Cloaking Device. 01412_ 5L-KAT destroyed. 01416_ Acquired Mak. Power Source. 01417_ Acquired 10 matter. 01427_ DK-RAY destroyed. 01442_ EX-BIN: "You can't kill me, my evil twin will get revenge!" 01442_ EX-BIN destroyed. 01445_ Med. Laser destroyed. 01446_ Machine disabled. 01452_ Sneak attack on EX-DEC. 01454_ EX-DEC Cmb. Antigrav System severed. 01456_ Sneak attack on EX-DEC. 01458_ Mak. Power Source destroyed. Map ----- +----------------------------------------------------+ | ?????????????????????????????????????????#" "" | | ?????????????????????????????????????????#"" | | ?????????????????????????????????????????#" | | ?????????????????????????????????????????#""" | | ??????????????????????????????????????????# | | ??????????????????????????????????????????#"" | | ??????????????????????????????????????????##""" | | ???????????????????????????????????????????##"""" | | ????????????????????????????????????????????### | | ??????????????????????????????????????????????#### | | ?????????????????????????????????????????????????? | | ?????????????????????????????????????????????????? | | ?????????????????????????????????????????????????? | | ?????????????????????????????????????????????????? | | ??????????????????????#???????????????????##?????? | | ????????????????????"""?????????""""????#""""""??? | | ???????????????????"" ????????""""""???#"""""""?? | | ???????????????????" ??????""""" "???#" """"#? | | ???????????????????"" ??#""#""" """???#"" """#? | | ???????????????????"" ??#""#"" ""????"" ""?? | | ???????????????######"""###""###"""########"""#### | | ?????????????#"""" "" """"""" """""""" """" | | ?????????????#" """""" """"""" = | | ??????????????""" ! %* % | | ???????????????""" !!!! | | ?????????????#"" c@ !!%=! | | ??????????????""" " !!! "" | | ??????????????"" """ """""" !! " """"" " "" | | ??????????????#######"""########"""###""###"""#### | | ???????????????????"" ??????"" ""#""#"" ""?? | | ??????????????????#""" ??????#""" ""#""#""" ""#? | | ??????????????????#" ""??????#" """"""""#" " "#? | | ???????????????????"""????????"""""""????"""""""?? | | ??????????????????????????????"""""""????"""""""#? | | ???????????????????????????????????????????####??? | | ?????????????????????????????????????????????????? | | ?????????????????????????????????????????????????? | | ?????????????????????????????????????????????????? | | ?????????????????????????????????????????????????? | | | | | | | | | | | | | | | | | | | | | | | +----------------------------------------------------+ Best States ------------- Heat Dissipation 28 Energy Generation 15 Energy Capacity 250 Matter Stores 300 Matter Capacity 300 Sight Range 16 Terrain Scan Density 10 Evasion (%) 42 Targeting Accuracy 6 Target Analysis 5 Item Schematics ----------------- None Robot Schematics ------------------ None Fabricated ------------ Nothing Alien Tech Used ----------------- None Achievements -------------- None Challenges ------------ None Game ------ Seed CorruptionRefineryDoomcannon Manual? 0 Play Time 00:15:11 Cumulative 106.6 hours Start 2020.11.03 @ 17:10:50 End 2020.11.03 @ 17:24:03 Sessions 1 Manual Loads 0 Difficulty Rogue Special Mode Halloween2020/ForbiddenLore Game No. 106 Rogue 99 Adventurer 0 Explorer 7 Win Type - Total 1 Types 0/0/1/0/0/0/0/0/0 Lore% 54 Gallery% 82 Achievement% 64 Wizard Run 0 Options --------- ASCII 0 Keyboard 0 Movement Numpad Keybinds 0 Fullscreen 1 Font 18/X11 Map View 76x50 Tactical HUD 1 Map Filters NONE Filters NONE Steam 1 RUN: 47228132-3729-478d-a008-5c1469482752